 Dungeon Crawl Stone Soup version 0.31.0-9-g3a7656b989 (webtiles) character file.

Game seed: 11250927170658903770

37 qw the Shooter (level 3, -2/18 HPs)
             Began as a Spriggan Hunter on Feb 3, 2024.
             Slain by Sigmund
             ... wielding a +0 scythe
              (11 damage)
             ... on level 2 of the Dungeon.
             The game lasted 00:00:16 (1144 turns).

qw the Shooter (Spriggan Hunter)                    Turns: 1144, Time: 00:00:17

Health: -2/18      AC:  2    Str:  7    XL:     3   Next: 23%
Magic:  4/4        EV: 19    Int: 10    God:
Gold:   113        SH:  0    Dex: 20    Spells: 2/2 levels left

rFire   . . .        a - +0 shortbow
rCold   . . .        (shield currently unavailable)
rNeg    . . .        c - +0 robe
rPois   .            (helmet restricted)
rElec   .            (no cloak)
rCorr   .            (gloves unavailable)
SInv    +            (boots unavailable)
Will    .....        (no amulet)
Stlth   ++           (no ring)
HPRegen 0.23/turn    (no ring)
MPRegen 0.09/turn

%: no passive effects
@: very quick
A: very small, no large weapons, unfitting armour, see invisible, speed 3
a: no special abilities


You were on level 2 of the Dungeon.
You visited 1 branch of the dungeon, and saw 2 of its levels.

You collected 113 gold pieces.


Innate Abilities, Weirdness & Mutations

You are very small and have problems with some larger weapons.
You are too small for most types of armour.
You have supernaturally acute eyesight. (SInv)
You cover ground extremely quickly. (Speed+++)


   Skills:
 - Level 1.5 Fighting
 + Level 4.5 Ranged Weapons
 - Level 4.1 Dodging
 - Level 1.5 Stealth


You had 2 spell levels left.
You didn't know any spells.
Your spell library was empty.

Inventory:

Hand Weapons
 a - a +0 shortbow (weapon)
Armour
 c - a +0 robe (worn)
Potions
 d - a potion of curing
 i - a potion of berserk rage {unknown}
 k - a potion of ambrosia {unknown}

Dungeon Overview and Level Annotations

Branches:
Dungeon (2/15)

Altars:

Annotations:
D:2 Sigmund


Message History

1049 ||| DROPPING scroll of butterflies.
You drop a scroll of butterflies.
Done exploring.
1050 ||| DROPPING scroll of amnesia.
You drop a scroll of amnesia.
Done exploring.
What level of the Dungeon? (default 1, ? - help)
There is an open door here.
There is a stone staircase leading down here.
You climb downwards.
There is a stone staircase leading up here.
A hobgoblin is nearby!
Waypoint 1 assigned to D:2.
You shoot an arrow. The arrow hits the hobgoblin!
You kill the hobgoblin!
You open the door.
There is an open door here.
Sigmund and a rat come into view.
Enter note:
Enter note: You shoot an arrow.
The arrow hits Sigmund.
Sigmund shouts!
Sigmund is lightly wounded.
You hear an angry hiss.
Sigmund casts a spell at you. The puff of flame hits you!
Ouch! That really hurt!
1134 ||| FLEEEEING.
1135 ||| FLEEEEING.
There is an open door here.
You start resting.
There are monsters nearby!
1137 ||| FLEEEEING.
1138 ||| FLEEEEING.
You start resting.
Sigmund is nearby!
You shoot an arrow.
The arrow hits Sigmund but does no damage.
Sigmund hits you from afar with a +0 scythe!
Ouch! That really hurt!
You die...
Sigmund begins carving another notch in his scythe.

.......# #.# ......#
#.# .....# #.#
#...###.#####
####...##......#
##.@....##......#
.........@......#
.#......##......######
........##@..........#
.|......##......####.#
........##......#
..r.....##......#
.#......##......#
#......##......#
##.####### #....<..#
#########


You could see Sigmund.

Vanquished Creatures
  2 dart slugs (D:1)
  4 endoplasms (D:1)
  A giant cockroach (D:1)
  5 goblins (D:1)
  3 hobgoblins
  2 jackals (D:1)
  2 quokkas (D:1)
  2 ball pythons (D:1)
  4 bats (D:1)
  2 frilled lizards (D:1)
  2 kobolds (D:1)
  A rat (D:1)
30 creatures vanquished.

Notes
Turn   | Place    | Note
-------+----------+-------------------------------------------
     0 | D:1      | qw the Spriggan Hunter began the quest for the Orb.
     0 | D:1      | Reached XP level 1. HP: 10/10 MP: 2/2
     0 | D:1      | 0 ||| qw: Version: 0.3-a-155-g5e7d8dd
     0 | D:1      | 0 ||| qw: Game counter: 2998
     0 | D:1      | 0 ||| qw: Melee chars always use a shield: true
     0 | D:1      | 0 ||| qw: God list: Okawaru
     0 | D:1      | 0 ||| qw: Allow faded altars: false
     0 | D:1      | 0 ||| qw: Do Orc after clearing Dungeon:15 true
     0 | D:1      | 0 ||| qw: Do second Lair branch before Depths: true
     0 | D:1      | 0 ||| qw: Lair rune preference: random
     0 | D:1      | 0 ||| qw: Goals: Normal
     0 | D:1      | 0 ||| PLANNING D:1-11
    60 | D:1      | Reached skill level 3 in Dodging
   166 | D:1      | Reached XP level 2. HP: 14/14 MP: 3/3
   751 | D:1      | Reached XP level 3. HP: 18/18 MP: 4/4
  1044 | D:1      | 1044 ||| DROPPING amulet of magic regeneration.
  1045 | D:1      | 1045 ||| READING scroll labelled LEUGOU ZIOVUARCH.
  1046 | D:1      | 1046 ||| READING 2 scrolls labelled ZEAL HIRUEPTUAVY.
  1047 | D:1      | 1047 ||| READING scroll labelled XOPIFR HIABBUZ.
  1048 | D:1      | 1048 ||| READING scroll labelled GIK CUILAH.
  1048 | D:1      | 1048 ||| IDENTIFYING sapphire potion
  1049 | D:1      | 1049 ||| DROPPING scroll of butterflies.
  1050 | D:1      | 1050 ||| DROPPING scroll of amnesia.
  1132 | D:2      | Noticed Sigmund
  1134 | D:2      | 1134 ||| FLEEEEING.
  1135 | D:2      | 1135 ||| FLEEEEING.
  1137 | D:2      | 1137 ||| FLEEEEING.
  1138 | D:2      | 1138 ||| FLEEEEING.
  1144 | D:2      | Slain by Sigmund

Levels and vault maps discovered:
D:1:      minmay_arrival_stone_box, layout_basic, minmay_tall_x
D:2:      cheibrodos_fertilizer, layout_basic, basic_altar, uniq_jessica,
          uniq_sigmund

Skill      XL: |  1  2 |
---------------+-------+-----
Dodging        | 3 4 |  4.1
Fighting       | |  1.5
Ranged Weapons | |  4.5
Stealth        | |  1.5

Action                     || total
---------------------------++-------
   Fire: Shortbow          ||    81
    Use: Scroll            ||     4
 Armour: Robe              ||    11
  Dodge: Dodged            ||    38

Table legend:
 A = Non-vault XP
 B = Vault XP
 C = Vault XP percentage of total XP
 D = Non-vault monster count
 E = Vault monster count
 F = Vault count percentage of total count
                 A         B        C        D         E       F
            +---------+---------+-------+---------+---------+-------
      Total |      44 |      10 |  18.5 |      26 |       4 |  13.3
            +---------+---------+-------+---------+---------+-------
        D:1 |      42 |      10 |  19.2 |      25 |       4 |  13.8
        D:2 |       2 |       0 |   0.0 |       1 |       0 |   0.0
            +---------+---------+-------+---------+---------+-------
